AoeStats
← Pablorito III

Arena

507207298Analyzed
4v4 RM · 17d ago on Sep 17, 2026· 56m 29s· 8 players
Game mode
Random Map
Map size
Large (8 player)
Population
200
Speed
Normal
Resources
Standard
Victory
Conquest
Starting age
Dark Age
Ending age
Imperial Age
RankedLock teamsTeams togetherTeam positionsShared explorationLock speedFull tech treeHidden civsTurbo modeCheats
Victory
Defeat
🇲🇽 Britons · Mexico
790
+12
🇨🇦 Georgians · Canada
711
+15
🇮🇳 Franks · India
697
+15
🇺🇸 Ethiopians · United States
671
+16
🇺🇸 Burgundians · United States
795
-20
🇨🇱 Goths · Chile
684
-14
🇸🇬 Huns · Singapore
683
-14
🇵🇪 Franks · Peru
575
-10
weefimonster
10:56 Feudal Age
16:57 Castle Age
15:09 Double-Bit Axe
15:10 Horse Collar
18:32 Bow Saw
19:28 Wheelbarrow
18:39 Loom
19:21 Light Cavalry
20:05 Husbandry
20:06 Stone Mining
22:32 Scale Barding Armor
22:39 Forging
23:12 Bloodlines
24:59 Iron Casting
26:31 Gold Mining
28:11 Chain Barding Armor
28:04 Fortified Wall
29:22 Svan Towers
29:13 Fletching
30:36 Bodkin Arrow
31:22 Guard Tower
31:29 Murder Holes
31:55 Ballistics
32:55 Stone Shaft Mining
37:19 Imperial Age
34:40 Town Watch
37:30 Elite Monaspa
38:33 Conscription
38:22 Aznauri Cavalry
38:59 Plate Barding Armor
39:28 Blast Furnace
38:48 Bracer
40:38 Chemistry
40:38 Keep
Smurfm4n87
0:58 Loom
12:10 Feudal Age
13:45 Double-Bit Axe
13:44 Horse Collar
22:21 Castle Age
20:50 Padded Archer Armor
23:17 Heavy Plow
23:31 Bow Saw
25:11 Wheelbarrow
24:35 Fletching
24:56 Forging
24:47 Scale Mail Armor
25:47 Thumb Ring
28:30 Fortified Wall
29:07 Hand Cart
29:37 Squires
29:25 Arson
29:34 Crossbowman
30:35 Murder Holes
31:23 Town Watch
31:11 Elite Skirmisher
36:09 Caravan
39:03 Imperial Age
39:09 Imperial Age
37:46 Iron Casting
37:09 Bodkin Arrow
37:30 Gold Mining
38:00 Chain Mail Armor
38:15 Leather Archer Armor
40:01 Arbalester
40:06 Capped Ram
40:49 Bracer
41:51 Blast Furnace
41:22 Plate Mail Armor
41:19 Royal Heirs
40:43 Elite Shotel Warrior
42:28 Siege Ram
45:56 Ring Archer Armor
54:15 Town Patrol
54:55 Ballistics
55:36 Chemistry
54:42 Siege Engineers
fadax12345
10:01 Feudal Age
11:26 Wheelbarrow
12:14 Double-Bit Axe
13:45 Loom
19:03 Stone Mining
24:04 Castle Age
21:48 Man-at-Arms
26:20 Hand Cart
26:24 Scale Mail Armor
26:35 Forging
26:16 Fletching
26:26 Padded Archer Armor
26:32 Scale Barding Armor
37:46 Imperial Age
39:20 Gold Mining
40:36 Elite Skirmisher
43:56 Chain Barding Armor
44:59 Squires
44:44 Arson
45:10 Pikeman
46:34 Caravan
48:04 Yeomen
48:06 Conscription
47:17 Sappers
48:22 Hoardings
48:18 Bow Saw
49:37 Chain Mail Armor
49:57 Iron Casting
49:39 Leather Archer Armor
50:46 Halberdier
53:19 Chemistry
52:40 Ballistics
52:08 Capped Ram
Asmo
12:08 Feudal Age
13:38 Loom
17:22 Castle Age
17:10 Gold Mining
17:11 Stone Mining
25:49 Man-at-Arms
26:15 Gambesons
27:28 Long Swordsman
29:09 Pikeman
29:52 Squires
36:13 Wheelbarrow
35:26 Town Watch
39:54 Imperial Age
45:39 Caravan
47:54 Murder Holes
49:01 Chemistry
56:07 Ballistics
55:54 Husbandry
Strive4Richs601
6:37 Loom
7:31 Wheelbarrow
6:43 Loom
7:41 Wheelbarrow
9:40 Feudal Age
18:21 Castle Age
16:42 Double-Bit Axe
16:39 Horse Collar
16:55 Gold Mining
18:38 Bow Saw
18:45 Heavy Plow
26:14 Pikeman
27:14 Cavalier
33:20 Hand Cart
32:59 Fletching
36:10 Elite Skirmisher
47:42 Imperial Age
45:12 Town Watch
46:41 Two-Man Saw
45:56 Forging
45:52 Scale Barding Armor
45:43 Bodkin Arrow
46:20 Crop Rotation
50:16 Chemistry
49:27 Fortified Wall
Soldaris
2:26 Loom
9:28 Feudal Age
10:17 Double-Bit Axe
11:10 Wheelbarrow
11:06 Horse Collar
14:54 Gold Mining
15:24 Stone Mining
15:58 Town Watch
20:51 Castle Age
22:07 Bow Saw
21:59 Heavy Plow
22:18 Hand Cart
26:38 Gold Shaft Mining
28:41 Fletching
29:49 Bodkin Arrow
29:53 Murder Holes
30:19 Ballistics
33:58 Imperial Age
33:46 Forging
33:42 Scale Barding Armor
33:39 Marauders
35:06 Iron Casting
35:02 Conscription
34:46 Bracer
35:49 Chemistry
35:51 Two-Man Saw
35:11 Caravan
35:22 Elite Tarkan
36:24 Chain Barding Armor
36:05 Scale Mail Armor
38:45 Plate Barding Armor
39:11 Blast Furnace
38:35 Town Watch
39:08 Chain Mail Armor
39:14 Bloodlines
39:04 Husbandry
42:16 Pikeman
42:57 Squires
43:21 Halberdier
47:03 Padded Archer Armor
53:16 Light Cavalry
53:19 Cavalier
53:52 Hussar
54:08 Hussar
Pablorito III
14:17 Feudal Age
15:17 Horse Collar
16:43 Wheelbarrow
17:49 Double-Bit Axe
20:51 Stone Mining
20:52 Gold Mining
22:14 Forging
22:05 Scale Mail Armor
24:55 Bloodlines
25:23 Man-at-Arms
29:00 Padded Archer Armor
28:51 Fletching
37:02 Castle Age
38:00 Squires
37:20 Pikeman
37:31 Elite Skirmisher
38:28 Hand Cart
41:53 Bow Saw
41:37 Gold Mining
42:22 Stone Shaft Mining
MHR.MK
10:19 Feudal Age
15:27 Double-Bit Axe
18:47 Castle Age
19:39 Wheelbarrow
33:54 Stone Mining
33:54 Gold Mining
34:32 Hand Cart
36:24 Bow Saw
36:54 Gold Shaft Mining
41:40 Elite Skirmisher
42:22 Husbandry
42:31 Scale Barding Armor
42:26 Scale Mail Armor
42:37 Forging
42:17 Fletching
42:27 Padded Archer Armor
46:15 Imperial Age
46:08 Squires
45:29 Pikeman
45:55 Arson
47:09 Cavalier
47:39 Capped Ram
49:40 Chain Barding Armor
49:36 Chain Mail Armor
51:29 Halberdier
55:13 Chemistry
56:42 Leather Archer Armor
56:23 Bodkin Arrow
57:03 Iron Casting
56:59 Plate Mail Armor
Connection lost

Rejoining the realm…

Still unreachable

The connection could not be restored.

Session expired

The server has moved on; the page needs a fresh start.